AoeStats
← Malcolm Little

Black Forest

507879220Analyzed
4v4 RM · 12d ago on Sep 20, 2026· 42m 45s· 8 players
Game mode
Random Map
Map size
Large (8 player)
Population
200
Speed
Normal
Resources
Standard
Victory
Conquest
Starting age
Dark Age
Ending age
Imperial Age
RankedLock teamsTeams togetherTeam positionsShared explorationLock speedFull tech treeHidden civsTurbo modeCheats
Victory
Defeat
🇩🇴 Celts · Dominican Republic
1406
+11
🇵🇪 Saracens · Peru
1367
+13
🇫🇷 Wu · France
1361
+13
🇨🇳 Japanese · China
1324
+14
🇺🇸 Saracens · United States
1337
-15
🇨🇴 Georgians · Colombia
1309
-13
🇨🇷 Hindustanis · Costa Rica
1266
-12
🇨🇷 Inca · Costa Rica
1248
-11
ederps24
0:26 Loom
13:34 Feudal Age
14:41 Horse Collar
14:50 Double-Bit Axe
20:40 Castle Age
18:58 Town Watch
20:01 Forging
19:47 Gold Mining
20:01 Stone Mining
21:29 Wheelbarrow
22:33 Bow Saw
23:15 Scale Barding Armor
23:46 Iron Casting
28:01 Chain Barding Armor
27:32 Fletching
28:17 Elite Skirmisher
36:54 Imperial Age
34:49 Caravan
35:01 Heavy Plow
35:17 Husbandry
35:27 Bloodlines
36:35 Bloodlines
36:52 Bodkin Arrow
36:58 Padded Archer Armor
38:41 Conscription
39:10 Bracer
39:26 Leather Archer Armor
Vedette87
2:19 Loom
10:57 Feudal Age
15:44 Castle Age
14:14 Double-Bit Axe
14:49 Gold Mining
23:37 Redemption
27:00 Sanctity
26:51 Fervor
30:14 Horse Collar
33:07 Wheelbarrow
35:09 Stone Mining
37:28 Hand Cart
38:17 Gold Shaft Mining
41:44 Imperial Age
39:34 Scale Barding Armor
39:40 Forging
40:39 Chain Barding Armor
40:49 Bloodlines
40:41 Husbandry
42:05 Iron Casting
41:53 Elite Mameluke
43:10 Plate Barding Armor
43:14 Conscription
[CRM]-Camacho
0:29 Loom
11:47 Feudal Age
17:15 Castle Age
16:02 Double-Bit Axe
20:45 Champi Runner
22:33 Scale Mail Armor
27:32 Wheelbarrow
26:43 Horse Collar
30:02 Forging
29:20 Champi Warrior
32:51 Iron Casting
38:38 Chain Mail Armor
[CRM] - Shadow
3:27 Loom
12:15 Feudal Age
13:35 Double-Bit Axe
13:39 Horse Collar
16:32 Castle Age
16:03 Forging
16:00 Scale Barding Armor
17:02 Bloodlines
21:59 Iron Casting
22:42 Chain Barding Armor
23:34 Husbandry
25:55 Bow Saw
26:18 Heavy Plow
29:09 Wheelbarrow
28:49 Gold Mining
28:50 Stone Mining
30:47 Hand Cart
35:10 Imperial Age
32:53 Padded Archer Armor
33:30 Thumb Ring
33:54 Ballistics
33:45 Masonry
33:52 Leather Archer Armor
33:27 Fletching
36:52 Chemistry
36:27 Ring Archer Armor
35:45 Light Cavalry
37:28 Blast Furnace
37:04 Plate Barding Armor
37:08 Shatagni
37:30 Conscription
Malcolm Little
10:47 Feudal Age
14:35 Castle Age
13:03 Double-Bit Axe
20:56 Horse Collar
24:04 Forging
24:03 Pikeman
25:59 Loom
27:27 Wheelbarrow
27:46 Bow Saw
27:37 Heavy Plow
32:11 Imperial Age
29:59 Hand Cart
29:29 Town Watch
30:24 Arson
30:25 Gambesons
30:42 Scale Mail Armor
31:18 Iron Casting
30:36 Gold Mining
32:52 Bow Saw
32:39 Stone Mining
32:14 Onager
32:19 Capped Ram
33:03 Siege Ram
33:21 Onager
34:14 Halberdier
35:10 Chain Mail Armor
35:34 Heavy Scorpion
40:14 Blast Furnace
39:45 Plate Mail Armor
40:54 Furor Celtica
42:20 Conscription
41:53 Siege Onager
pandorange
11:00 Feudal Age
14:31 Castle Age
12:43 Double-Bit Axe
13:05 Horse Collar
15:41 Bow Saw
15:45 Heavy Plow
21:04 Loom
21:54 Wheelbarrow
23:36 Light Cavalry
30:34 Town Watch
31:11 Stone Mining
31:12 Gold Mining
32:43 Scale Mail Armor
33:23 Forging
33:19 Squires
34:10 Gold Shaft Mining
33:24 Arson
33:56 Chain Mail Armor
36:18 Hand Cart
37:06 Iron Casting
37:09 Ballistics
37:00 Masonry
42:58 Imperial Age
43:22 Caravan
iiiiice
4:30 Loom
10:55 Feudal Age
14:58 Castle Age
13:09 Double-Bit Axe
13:38 Horse Collar
15:53 Bow Saw
16:31 Heavy Plow
22:23 Fletching
23:40 Bodkin Arrow
25:33 Padded Archer Armor
26:03 Gold Mining
29:33 Gold Shaft Mining
30:23 Wheelbarrow
29:34 Town Watch
33:05 Imperial Age
30:39 Stone Mining
32:01 Thumb Ring
32:24 Ballistics
32:21 Leather Archer Armor
33:57 Bracer
33:57 Guard Tower
33:54 Arrowslits
34:07 Arrowslits
35:41 Chemistry
35:19 Yasama
36:00 Ring Archer Armor
37:12 Heavy Cavalry Archer
40:47 Parthian Tactics
41:25 Keep
43:11 Siege Engineers
Fandado
0:46 Loom
12:31 Feudal Age
17:14 Castle Age
15:20 Double-Bit Axe
16:12 Horse Collar
17:24 Stone Mining
33:12 Wheelbarrow
33:32 Gold Mining
34:58 Sanctity
39:23 Imperial Age
36:58 Town Watch
37:51 Redemption
39:52 Fervor
40:05 Heresy
40:28 Block Printing
42:04 Illumination
41:22 Pikeman
Connection lost

Rejoining the realm…

Still unreachable

The connection could not be restored.

Session expired

The server has moved on; the page needs a fresh start.